 BcadrenCrawl: Boulder Brew version 0.06-744-gf22570f5e0 (webtiles) character file.

Game seed: 18410306639485995577

3846 LabCoat the Cleaver (level 10, -6/118 HPs) Hill Orc Fighter. Began on Mar 7, 2023. Was a Follower of Okawaru. Mangled by a yak (8 damage) ... on level 5 of the Dungeon. The game lasted 00:28:00 (6138 turns).

LabCoat the Cleaver (Hill Orc Fighter)              Turns: 6138, Time: 00:28:01

Health: -6/118     AC: 15    Str: 23    XL:     10 ^: 3732
Magic:  10/10      EV:  8    Int:  8    God:    Okawaru [1* [38]]
Gold:   171        SH:  7    Dex: 10    Spells: 9/9 levels left

rFire    . . .     Slash    .   a - +0 war axe (acid)
rCold    . . .     Pierce   .   r - +0 targe
rNeg     . . .     Bludgeon .   K - +0 plate armour
rCorr    . . .     Vision   .   m - +0 helmet
rPois    .         Gourm    .   (no cloak)
rElec    .         Faith    .   B - +0 pair of gloves
MR       .....     Spirit   .   (no boots)
HPRegen  0.49/turn Reflect  .   l - amulet of rage
MPRegen  0.20/turn Harm     .   g - ring of slaying
Stlth    ..........             A - ring of stealth

@: berserk cooldown, slowed, very slow
A: nightstalker 1, soft flesh
a: Heroism, Renounce Religion, Evoke Berserk Rage


You were on level 5 of the Dungeon.
You worshipped Okawaru.
Okawaru was aware of your devotion.
You were not hungry.

You visited 2 branches of the dungeon, and saw 6 of its levels.

You collected 171 gold pieces.

Inventory:

Weapons
 a - a +0 war axe of caustic ooze (weapon)
 b - a +0 hand crossbow of molten steel Shields
 c - a +0 heater shield
 r - a +0 targe (weapon)
Armour
 m - a +0 helmet (worn)
 B - a +0 pair of gloves (worn)
 K - a +0 plate armour (worn)
Jewellery
 d - a cursed ring of dexterity {(Curse: *Slow)}
 g - a ring of slaying (left hand)
 l - an amulet of rage (around neck)
 n - an uncursed ring of wizardry
 p - a cursed ring of positive energy {(Curse: *Drain)}
 q - a cursed ring of strength {(Curse: *Tele)}
 v - an uncursed amulet of harm
 w - an uncursed amulet of guardian spirit
 x - a cursed ring of magical power {(Curse: *Drain)}
 z - a cursed ring of fire {(Curse: MR-)}
 A - a ring of stealth (right hand)
 H - an uncursed ring of magical power
 J - an uncursed ring of protection from magic
Wands
 u - a wand of iceblast (1)
 D - a wand of ensnaring (8)
 F - a wand of random effects (1)
Scrolls
 j - 2 scrolls of random uselessness
 s - 2 scrolls of bless item
 t - 2 scrolls of summoning
 y - 4 scrolls of teleportation
 E - a scroll of enchantment
Potions
 e - 7 potions of lignification
 o - 3 potions of mutation
 C - a potion of brilliance
 G - 2 potions of curing
 I - a potion of might
Comestibles
 f - 8 rations
 h - 6 chunks of flesh


   Skills:
 * Level 8.5 Fighting
   Level 1.1 Short Blades
 * Level 8.7 Axes & Hammers
 + Level 3.5 Crossbows
 + Level 5.9 Armour
 + Level 4.1 Dodging
 * Level 7.0 Shields
 * Level 4.8 Evocations


You had 9 spell levels left.
You didn't know any spells.
Your spell library was empty.

Dungeon Overview and Level Annotations

Branches:
Dungeon (5/8)              Temple (1/1) D:4
   Lair: D:5

Altars:
Ashenzari
Beogh
Cheibriados
Dithmenos
Elyvilon
Fedhas Madash
Gozag Ym Sagoz
Hepliaklqana
Kikubaaqudgha
Makhleb
Nemelex Xobeh
Okawaru
Ru
Sif Muna
Trog
Uskayaw
Vehumet
Zin

Shops:
D:2 !%(

Annotations:
D:4 3 runed translucent doors, thalacas's ghost, novice GnPr


Innate Abilities, Weirdness & Mutations

((Your soft flesh is weak to deep cuts.
Heavy manmade armour will nullify this weakness. (rSlashing-)))
You are slightly more attuned to the shadows.


Message History

You hit the killer bee zombie (3).
It is lacerated severely!
The killer bee zombie is splashed with acid (4).
The killer bee zombie is moderately damaged. (19/26) HP You sock the ogre (8)!
The ogre is almost dead. (5/26) HP The killer bee zombie hits you but does no damage. x2
The killer bee zombie hits you (3). The ogre barely misses you.
The killer bee zombie hits you but does no damage.
You block the yak's attack. The yak barely misses you.
The killer bee zombie hits you (2).
* * * LOW HITPOINT WARNING * * *
The ogre hits you with a +0 giant spiked club (8)!
* * * LOW HITPOINT WARNING * * *
The yak gores you but does no damage.
The killer bee zombie hits you but does no damage.
The ogre hits you with a +0 giant spiked club (25)!!
* * * LOW HITPOINT WARNING * * *
The killer bee zombie barely misses you.
The yak gores you (8)!
You die...

.....÷........
..........##.#
.....)..$##...
.....)<.##....
......÷b#.O...
.?.........._.
..b.....#...
.......O##...
.......Y@##..
#######Z.<##.
#...# #...#
#...# #...#
....# ######


You could see a yak, an ogre (corroded) and a killer bee zombie.

Vanquished Creatures
  A two-headed ogre (D:5)
  A manticore (D:5)
  Eustachio (D:3)
  3 porcupines
  A water moccasin (D:2)
  An orc warrior (D:4)
  2 scorpions
  4 ogres
  Ijyb (D:2)
  7 big kobolds (D:2)
  2 howler monkeys (D:4)
  A wight (D:4)
  A llaibwca (D:4)
  Prince Ribbit (D:3)
  An orc priest (D:4)
  A hound (D:4)
  2 jellies (D:2)
  A water moccasin zombie (D:4)
  5 worker ants
  11 giant cockroaches
  6 adders
  A gwybwca (D:3)
  29 sewer rats (D:2)
  2 worms (D:2)
  6 cinder newts
  3 bullfrogs
  A howler monkey skeleton (D:3)
  9 oozes
  A dart slug (D:3)
  5 leopard geckos
  9 orcs
  3 adder skeletons
  An adder zombie (D:5)
  5 ball pythons (D:2)
  A cinder newt skeleton (D:2)
  3 goblins (D:1)
  A hobgoblin (D:1)
  2 jackals (D:3)
  8 bats
  A bat skeleton (D:2)
  22 kobolds
  6 rats
  4 withered plants (D:2)
177 creatures vanquished.

Vanquished Creatures (others)
  A giant cockroach (D:2)
  A sewer rat (D:2)
  A worm (D:2)
  A hobgoblin skeleton (D:2)
  11 kobolds (D:2)
  A giant blowfly (D:2)
  4 plants (D:5)
  48 withered plants (D:2)
68 creatures vanquished.

Grand Total: 245 creatures vanquished

Notes
Turn   | Place    | Note
-------+----------+-------------------------------------------
     0 | D:1      | LabCoat the Hill Orc Fighter began the quest for the Orb.
     0 | D:1      | Reached XP level 1. HP: 29/29 MP: 1/1
   137 | D:1      | Reached XP level 2. HP: 39/39 MP: 2/2
   641 | D:1      | Reached XP level 3. HP: 49/49 MP: 3/3
   694 | D:1      | Reached skill level 1 in Dodging
   696 | D:1      | Reached XP level 4. HP: 9/59 MP: 4/4
   696 | D:1      | HP: 2/59 [cinder newt (3)]
  1140 | D:2      | Noticed a big kobold
  1147 | D:2      | Killed a big kobold
  1147 | D:2      | Reached skill level 1 in Short Blades
  1147 | D:2      | Reached XP level 5. HP: 45/69 MP: 5/5
  1305 | D:2      | Reached skill level 5 in Fighting
  1305 | D:2      | Reached XP level 6. HP: 72/79 MP: 6/6
  1565 | D:2      | Reached skill level 5 in Axes & Hammers
  1596 | D:2      | Found Ocah's Weapon Shop.
  1622 | D:2      | Reached skill level 1 in Crossbows
  1653 | D:2      | Noticed Ijyb
  1658 | D:2      | Killed Ijyb
  1658 | D:2      | Reached XP level 7. HP: 80/89 MP: 7/7
  1859 | D:2      | Found Xereuf's Food Shop.
  2042 | D:2      | Found a shattered altar of Ashenzari.
  2454 | D:2      | Reached XP level 8. HP: 99/99 MP: 8/8
  2461 | D:2      | Reached skill level 1 in Evocations
  2768 | D:2      | Reached skill level 5 in Shields
  2890 | D:2      | Found a bloodstained altar of Trog.
  2977 | D:2      | Found Uhous's Distillery.
  3656 | D:3      | Reached skill level 5 in Armour
  4055 | D:3      | Reached XP level 9. HP: 108/108 MP: 9/9
  4249 | D:3      | Found a white marble altar of Elyvilon.
  4341 | D:3      | Found a blossoming altar of Fedhas.
  4366 | D:3      | Noticed Eustachio
  4372 | D:3      | Killed Eustachio
  4587 | D:3      | Noticed Prince Ribbit
  4590 | D:3      | Killed Prince Ribbit
  4799 | D:3      | Gained mutation: You are slightly more attuned to the
                  | shadows. [potion of mutation]
  5194 | D:4      | Found a staircase to the Ecumenical Temple.
  5202 | Temple   | Entered the Ecumenical Temple
  5259 | Temple   | Became a worshipper of Warmaster Okawaru
  5357 | D:3      | Found a white marble altar of Elyvilon.
  5662 | D:4      | Found a runed translucent gate.
  5662 | D:4      | Found a runed translucent gate.
  5663 | D:4      | Found a runed translucent gate.
  5663 | D:4      | Noticed thalacas's ghost (novice GnPr)
  5784 | D:5      | Entered Level 5 of the Dungeon
  5784 | D:5      | Noticed a manticore
  5793 | D:5      | Killed a manticore
  5793 | D:5      | Reached * piety under Okawaru
  5793 | D:5      | Reached XP level 10. HP: 15/118 MP: 10/10
  5795 | D:5      | Noticed a two-headed ogre
  6126 | D:5      | Killed a two-headed ogre
  6133 | D:5      | Found an opulent altar of Gozag.
  6138 | D:5      | HP: 2/118 [ogre/+0 giant spiked club (25)]
  6138 | D:5      | Mangled by a yak

Illustrated notes

Levels and vault maps discovered:
D:1:      grunt_arrival_crossed_arrows, layout_basic
D:2:      layout_sewer, lemuel_coloured_pillars_altar, lightli_temple_of_fire,
          serial_shops, shop, nicolae_shop_stone, nicolae_shop_stone,
          minmay_pentomino_r4, uniq_ijyb
D:3:      lemuel_upstairs_altar, layout_loops_corners,
          nicolae_overflow_hidden_temple, first_ration, fedhas_altar_2,
          uniq_prince_ribbit1, uniq_eustachio
D:4:      layout_loops_ring, minmay_temple_entry_ruins,
          gammafunk_ghost_nasty_kobolds
D:5:      layout_small_grid, lemuel_round_altar, due_lair_maze_entry_diamond,
          chequers_guarded_unrand_ignorance
Temple:   zaba_magenta_temple

Skill      XL: |  1  2  3  4  5  6  7  8  9 10 |
---------------+-------------------------------+-----
Axes & Hammers | 3 4 5 6 7 8 |  8.7
Fighting       | 4 5 6 7 8 |  8.5
Dodging        | 1 2 3 4 |  4.1
Short Blades   | 1 |  1.1
Shields        | 4 5 6 7 |  7.0
Armour         | 4 5 |  5.9
Crossbows      | 1 2 3 |  3.5
Evocations     | 2 4 |  4.8

Action                   |  1- 3 |  4- 6 |  7- 9 | 10-12 || total
-------------------------+-------+-------+-------+-------++-------
Melee: War axe           |    40 |    42 |    75 |     7 ||   164
       Sai               |    10 |     8 |       |       ||    18
       Targe             |       |    19 |    69 |     3 ||    91
 Fire: Hand crossbow     |       |    37 |   148 |     1 ||   186
 Abil: Evoke Berserk Rag |       |       |       |     1 ||     1
  Use: Potion            |     1 |     3 |     1 |     1 ||     6
       Scroll            |       |     1 |     2 |       ||     3
  Eat: Chunk             |       |     3 |    14 |       ||    17
       Ration            |       |       |       |     1 ||     1
Armor: Scale mail        |    40 |    60 |    78 |       ||   178
       Plate armour      |       |       |    14 |    11 ||    25
Dodge: Dodged            |    15 |    14 |    33 |     5 ||    67
Block: Heater shield     |     3 |       |       |       ||     3
       Targe             |       |    18 |    70 |     3 ||    91
